 Dungeon Crawl Stone Soup version 0.20-a0-433-g9e36e56 (webtiles) character file.

1169 Kriby the Fighter (level 8, -2/69 HPs)
             Began as a Mummy Fighter on Jan 4, 2017.
             Slain by an orc warrior
             ... wielding a +0 trident
              (3 damage)
             ... on level 6 of the Dungeon.
             The game lasted 00:07:05 (5254 turns).

Kriby the Fighter (Mummy Fighter)                   Turns: 5254, Time: 00:07:06

Health: -2/69      AC: 15    Str: 19    XL:     8   Next: 17%
Magic:  8/8        EV:  5    Int:  8    God:
Gold:   61         SH: 13    Dex: 13    Spells: 7/7 levels left

rFire  x . .     SeeInvis .     a - +0 war axe
rCold  + . .     Gourm    .     b - +0 scale mail
rNeg   + + +     Faith    .     h - +0 large shield
rPois  ∞         Spirit   .     n - +0 helmet
rElec  .         Reflect  .     (no cloak)
rCorr  .         Harm     .     t - +0 pair of gloves
MR     +....     Rnd*Tele +     s - +1 pair of boots
Stlth  ..........               o - amulet of regeneration
                                f - ring of teleportation (curse)
                                q - +5 ring of protection

@: no status effects
A: no food or potions, fire vulnerability, cold resistance 1, negative energy
resistance 3, torment resistance, unbreathing
a: no special abilities


You were on level 6 of the Dungeon.
You were not hungry.

You visited 2 branches of the dungeon, and saw 7 of its levels.

You collected 221 gold pieces.
You spent 160 gold pieces at shops.

Inventory:

Hand Weapons
 a - a +0 war axe (weapon)
Armour
 b - a +0 scale mail (worn)
 h - a +0 large shield (worn)
 n - a +0 helmet (worn)
 s - a +1 pair of boots (worn)
 t - a +0 pair of gloves (worn)
Jewellery
 c - a +1 ring of protection
 e - an uncursed ring of flight
 f - a cursed ring of teleportation (right hand)
 o - an amulet of regeneration (around neck)
 p - a +5 ring of evasion
 q - a +5 ring of protection (left hand)
 v - an uncursed ring of protection from fire {unknown}
 x - an uncursed ring of resist corrosion {unknown}
Scrolls
 d - 6 scrolls of identify
 g - 3 scrolls of remove curse
 i - 5 scrolls of magic mapping
 j - 3 scrolls of enchant weapon {unknown}
 k - 2 scrolls of fear {unknown}
 l - a scroll of immolation {unknown}
 m - a scroll of teleportation {unknown}
 r - a scroll of enchant armour
 u - a scroll of noise {unknown}
 w - a scroll of fog {unknown}
 y - a scroll of silence {unknown}


   Skills:
 + Level 8.4 Fighting
 * Level 5.0 Axes
 - Level 2.4 Armour
 - Level 2.4 Shields


You had 7 spell levels left.
You didn't know any spells.

Dungeon Overview and Level Annotations

Branches:
Dungeon (6/15)             Temple (1/1) D:5

Altars:
Dithmenos
Elyvilon
Fedhas
Gozag
Hepliaklqana
Kikubaaqudgha
Nemelex Xobeh
Okawaru
Qazlal
Ru
Sif Muna
Trog
Vehumet
Xom
Yredelemnul
Zin

Shops:
D:4 ?   D:6 *[


Innate Abilities, Weirdness & Mutations

You do not eat or drink.
Your flesh is vulnerable to fire.
You are immune to poison.
Your flesh is cold resistant. (rC+)
You are immune to negative energy. (rN+++)
You are immune to unholy pain and torment.
You can survive without breathing.


Message History

Your shield prevents you from hitting the orc warrior.
You hit the worker ant. You block the worker ant's attack.
The orc hits you but does no damage.
The orc warrior hits you with a trident!
* * * LOW HITPOINT WARNING * * *
You block the worker ant's attack.
Your shield and scale mail prevent you from hitting the orc.
The orc is severely wounded.
You closely miss the worker ant. You hit the orc warrior.
The orc barely misses you. You block the worker ant's attack.
You block the orc warrior's attack.
You hit the orc.
You kill the orc!
You hit the worker ant. You hit the orc warrior.
You block the worker ant's attack.
The orc warrior hits you with a trident.
* * * LOW HITPOINT WARNING * * *
You block the worker ant's attack.
The orc warrior hits you with a trident.
You die...

.............## #..##
..............#
#.....
..............##.....
(............##...#
#................#
##..........##..##
#.........####.##
.......# ##.##
.....## #@o# ...#
#a)....... .###
#..#.>.... #..##.....
#..# ..... ...# ####
...# ....#


You could see an orc warrior and a worker ant.

Vanquished Creatures
  Edmund (D:6)
  An ice beast (D:6)
  A sky beast (D:5)
  A bullfrog (D:6)
  3 howler monkeys
  5 crimson imps (D:5)
  A quasit (D:4)
  A hound (D:5)
  An orc priest (D:5)
  2 iguanas
  Ijyb (D:2)
  A worker ant (D:4)
  Natasha (thrice) (D:2)
  An orc wizard (D:6)
  A killer bee zombie (D:6)
  A worker ant zombie (D:6)
  10 adders
  2 oozes
  4 worms
  A dart slug (D:1)
  A leopard gecko (D:5)
  9 orcs
  3 giant cockroaches
  10 goblins
  8 hobgoblins
  10 jackals
  A quokka (D:5)
  11 bats
  2 frilled lizards
  5 kobolds
  A leopard gecko skeleton (D:4)
  11 rats
114 creatures vanquished.

Notes
Turn   | Place    | Note
-------+----------+-------------------------------------------
     0 | D:1      | Kriby the Mummy Fighter began the quest for the Orb.
     0 | D:1      | Reached XP level 1. HP: 18/18 MP: 1/1
   729 | D:1      | Reached XP level 2. HP: 24/24 MP: 2/2
  1252 | D:1      | Reached skill level 4 in Fighting
  1291 | D:2      | Reached XP level 3. HP: 23/30 MP: 3/3
  1481 | D:2      | Noticed Natasha
  1486 | D:2      | Killed Natasha
  1583 | D:2      | Noticed Natasha
  1594 | D:2      | Killed Natasha
  1594 | D:2      | Reached skill level 5 in Fighting
  1594 | D:2      | Reached XP level 4. HP: 34/39 MP: 4/4
  1768 | D:2      | Noticed Natasha
  1778 | D:2      | Killed Natasha
  1927 | D:2      | Reached XP level 5. HP: 44/46 MP: 5/5
  2059 | D:2      | Noticed Ijyb
  2070 | D:2      | Killed Ijyb
  2070 | D:2      | Reached skill level 6 in Fighting
  2432 | D:3      | Found a faded altar of an unknown god.
  2548 | D:3      | Found a white marble altar of Elyvilon.
  3069 | D:3      | Found a radiant altar of Vehumet.
  3226 | D:4      | Reached XP level 6. HP: 33/53 MP: 6/6
  3285 | D:4      | Found Ejuhey Maer's Magic Scroll Shop.
  3289 | D:4      | Bought a scroll of enchant armour for 75 gold pieces
  3289 | D:4      | Bought a scroll of magic mapping for 35 gold pieces
  3350 | D:4      | Reached skill level 7 in Fighting
  3712 | D:5      | Entered Level 5 of the Dungeon
  3936 | D:6      | Found Vivoq's Armour Shoppe.
  4071 | D:5      | Reached XP level 7. HP: 54/60 MP: 7/7
  4285 | D:5      | Found a staircase to the Ecumenical Temple.
  4319 | Temple   | Entered the Ecumenical Temple
  4683 | D:5      | Found a sacrificial altar of Ru.
  4892 | D:6      | Noticed Edmund
  4933 | D:6      | Killed Edmund
  4933 | D:6      | Reached skill level 8 in Fighting
  5014 | D:6      | Found Kerizobb's Assorted Antiques.
  5043 | D:6      | Bought a scroll labeled BUZIEL EGOJIQ for 25 gold pieces
  5043 | D:6      | Bought a scroll labeled TIKLYF MUOFOE for 25 gold pieces
  5061 | D:6      | Reached XP level 8. HP: 51/68 MP: 8/8
  5161 | D:6      | Reached skill level 5 in Axes
  5252 | D:6      | HP: 1/69 [orc warrior/trident (13)]
  5254 | D:6      | Slain by an orc warrior

Vault maps used:
D:1:      lemuel_arrival_rhombus, minmay_gold_behind_fungi, grunt_decor_cap
D:2:      uniq_natasha, uniq_iyjb
D:3:      marbit_many_paths, vehumet_crystals, chequers_ecumenical_altar_simple,
          first_bread
D:4:      serial_shops, shop
D:5:      nicolae_ru_the_path_less_chosen
D:6:      serial_shops, shop, nicolae_shop_trees, nicolae_shop_statue_plus,
          shop, shop, uniq_edmund
Temple:   dshaligram_water_room_temple

Skill      XL: |  1  2  3  4  5  6  7  8 |
---------------+-------------------------+-----
Fighting       | 4 5 6 7 8 |  8.4
Axes           | 2 4 5 |  5.0
Armour         | |  2.4
Shields        | |  2.4

Action                   |  1- 3 |  4- 6 |  7- 9 || total
-------------------------+-------+-------+-------++-------
Melee: War axe           |   101 |   275 |   198 ||   574
  Use: Scroll            |     1 |       |       ||     1
Armor: Scale mail        |    51 |   175 |    97 ||   323
Dodge: Dodged            |    17 |   139 |    51 ||   207
Block: Shield            |    25 |       |       ||    25
       Large shield      |    38 |   264 |   116 ||   418
